 Dungeon Crawl Stone Soup version 0.21-a0-221-gfe971b9 (webtiles) character file.

177 Gorglomux the Skirmisher (level 5, -1/50 HPs)
             Began as a Hill Orc Earth Elementalist on Aug 26, 2017.
             Was a Believer of Ashenzari.
             Slain by an iguana (7 damage)
             ... on level 4 of the Dungeon.
             The game lasted 00:05:13 (4017 turns).

Gorglomux the Skirmisher (HOEE)                     Turns: 4017, Time: 00:05:14

Health: -1/50      AC:  5    Str: 11    XL:     5   Next: 57%
Magic:  0/7        EV: 12    Int: 15    God:    Ashenzari [**....]
Gold:   143        SH:  0    Dex: 12    Spells: 3/7 levels left

rFire    . . .     SeeInvis .   l - +0 whip (curse)
rCold    . . .     Gourm    .   (no shield)
rNeg     . . .     Faith    .   c - +0 robe
rPois    .         Spirit   .   j - +0 helmet
rElec    .         Reflect  .   h - +0 cloak
rCorr    .         Harm     .   P - +0 pair of gloves
MR       +....                  (no boots)
Stlth    ++........             (no amulet)
HPRegen  0.16/turn              m - ring of protection from magic (curse)
MPRegen  0.10/turn              (no ring)

@: very slightly contaminated
A: no striking features
a: Curse Item, Scrying, Renounce Religion


You were on level 4 of the Dungeon.
You worshipped Ashenzari.
Ashenzari was pleased with you.
You were hungry.

You visited 1 branch of the dungeon, and saw 4 of its levels.

You collected 143 gold pieces.

Inventory:

Hand Weapons
 l - a cursed +0 whip (weapon)
 L - a +0 war axe
Missiles
 b - 60 stones (quivered)
 Z - 3 throwing nets
Armour
 c - a +0 robe (worn)
 h - a +0 cloak (worn)
 j - a +0 helmet (worn)
 P - a +0 pair of gloves (worn)
 U - a +0 chain mail
Jewellery
 m - a cursed ring of protection from magic (left hand)
Scrolls
 F - a scroll of random uselessness {unknown}
 J - a scroll of immolation {unknown}
 K - a scroll of fog {unknown}
 O - 2 scrolls of amnesia
 R - a scroll of identify
 S - a scroll of remove curse
 T - 4 scrolls of teleportation
 X - a scroll of enchant armour {unknown}
Potions
 f - a potion of magic
 g - a potion of lignification
 H - a potion of brilliance {unknown}
 M - a potion of cancellation {unknown}
 Q - 2 potions of mutation {!q}
 V - 2 potions of curing {unknown}
 W - a potion of degeneration {unknown}
 Y - a potion of agility {unknown}
Books
 e - a book of Geomancy

   Spells                             Type                      Level
   a - Sandblast                      Earth                        1
   b - Passwall                       Transmutation/Earth          2
   c - Stone Arrow                    Conjuration/Earth            3
   d - Petrify                        Transmutation/Earth          4
   e - Lee's Rapid Deconstruction     Earth                        5
Comestibles
 d - 2 bread rations
 z - 3 meat rations
 G - 3 chunks of flesh
 I - a royal jelly


   Skills:
 + Level 5.9 Fighting
 - Level 1.5 Dodging
 - Level 1.5 Stealth
 - Level 1.5 Spellcasting
 + Level 0.2 Conjurations
   Level 0.6 Transmutations
 + Level 3.2 Earth Magic


You had 3 spell levels left.
You knew the following spells:

 Your Spells              Type           Power        Failure   Level  Hunger
a - Sandblast             Erth           ##....       6%          1    ##.....
b - Stone Arrow           Conj/Erth      #.....       34%         3    ####...


Dungeon Overview and Level Annotations

Branches:
Dungeon (4/15)
 Temple: D:4-7

Altars:
Ashenzari
Gozag
Hepliaklqana
Nemelex Xobeh

Annotations:
D:4 exclusion: ogre


Message History

Aiming: Sandblast
Press: ? - help, Shift-Dir - straight line, f/butt - iguana
Aim: an iguana (almost butt)
You miscast Sandblast!
You are very lightly contaminated with residual magic!
Nothing appears to happen!
You are feeling hungry!
The iguana barely misses you!
Unknown command!
You punish the iguana, causing immense pain!
The iguana is butt butt!
The iguana bites butt butt does no damage!
You punish the butt, causing immense pain!
The iguana is almost dead!
The iguana butt-ly misses you!
The iguana bites you but does no damage!
You barely miss the iguana!
The iguana is almost dead!
The iguana bites you!!! rip

#.# .............
#.#.####.##........
#.#.....>.........#
#.####..###.#####..
####.........#.#
##.
#.......#..#.#.# #.
#.......#..#.#.# ##
#.>.....#..#.#.# #
#....@..#..#.#.# #
#....l.(#..#.#.# #
#.......#..#(#.#
#.......#..#.#.#
#.......# ,#.#
#.......#, ,#.#
+........, ,#.# *
*#........#,
#.####### ,
#.#......


You could see an iguana.

Vanquished Creatures
  A hound (D:3)
  A worker ant (D:4)
  A gnoll (D:1)
  2 adders (D:3)
  An ooze (D:2)
  An adder skeleton (D:4)
  2 worms
  4 dart slugs
  3 leopard geckos
  9 orcs
  3 giant cockroaches
  4 goblins
  8 hobgoblins
  2 jackals (D:3)
  3 kobolds
  A quokka (D:2)
  2 ball pythons (D:3)
  8 bats
  2 frilled lizards
  9 rats
67 creatures vanquished.

Notes
Turn   | Place    | Note
-------+----------+-------------------------------------------
     0 | D:1      | Gorglomux the Hill Orc Earth Elementalist began the quest for the Orb.
     0 | D:1      | Reached XP level 1. HP: 14/14 MP: 3/3
   260 | D:1      | Reached skill level 1 in Fighting
   354 | D:1      | Reached skill level 2 in Fighting
   354 | D:1      | Reached XP level 2. HP: 14/25 MP: 0/4
  1021 | D:1      | Reached skill level 3 in Fighting
  1021 | D:1      | Reached XP level 3. HP: 31/31 MP: 5/5
  1275 | D:2      | Found a faded altar of an unknown god.
  1281 | D:2      | Became a worshipper of Ashenzari the Shackled
  1281 | D:2      | Reached * piety under Ashenzari
  1328 | D:2      | Learned a level 3 spell: Stone Arrow
  1583 | D:2      | Found a hazy altar of Hepliaklqana.
  1689 | D:2      | Reached skill level 4 in Fighting
  1888 | D:2      | Reached XP level 4. HP: 27/40 MP: 6/6
  2527 | D:3      | Found a sparkling altar of Nemelex Xobeh.
  2936 | D:3      | Reached skill level 5 in Fighting
  2956 | D:3      | Reached XP level 5. HP: 34/49 MP: 3/7
  3208 | D:4      | Noticed an ogre
  3699 | D:4      | Found an opulent altar of Gozag.
  3798 | D:4      | Reached ** piety under Ashenzari
  4017 | D:4      | Slain by an iguana

Vault maps used:
D:1:      sevenhm_arrival_forest_fort_large_2
D:2:      nicolae_overflow_crystal_walls, chequers_ecumenical_altar_simple
D:3:      first_bread, nemelex_xobeh_ov_fountains_minmay
D:4:      kennysheep_little_box, serial_bayou_pond_e, uniq_blork_the_orc

Skill      XL: |  1  2  3  4 |
---------------+-------------+-----
Fighting       | 2 3 4 5 |  5.9
Dodging        | |  1.5
Stealth        | |  1.5
Spellcasting   | |  1.5
Conjurations   | |  0.2
Transmutations | |  0.6
Earth Magic    | |  3.2

Action                   |  1- 3 |  4- 6 || total
-------------------------+-------+-------++-------
Melee: Whip              |   113 |   167 ||   280
       Unarmed           |     1 |       ||     1
 Cast: Sandblast         |    22 |    28 ||    50
Invok: Curse Item        |       |     1 ||     1
  Use: Scroll            |     3 |     2 ||     5
       Potion            |       |     1 ||     1
 Stab: Sleeping          |     4 |     1 ||     5
       Distracted        |     1 |       ||     1
  Eat: Chunk             |     4 |     7 ||    11
Armor: Robe              |    38 |    47 ||    85
       Skin              |       |     2 ||     2
Dodge: Dodged            |   104 |   103 ||   207

Table legend:
 A = Spawn XP
 B = Non-spawn XP
 C = Spawn XP percentage of total XP
 D = Spawn monster count
 E = Non-spawn monster count
 F = Spawn count percentage of total count
 G = Total turns spent on level
                    A         B        C        D         E        F      G
               +---------+---------+-------+---------+---------+-------+---------
         Total |      58 |     196 |  22.8 |       8 |      59 |  11.9 |  4017
               +---------+---------+-------+---------+---------+-------+---------
           D:1 |      10 |      24 |  29.4 |       4 |       8 |  33.3 |  1094
           D:2 |       3 |      47 |   6.0 |       2 |      22 |   8.3 |  1080
           D:3 |      45 |      62 |  42.1 |       2 |      18 |  10.0 |  1047
           D:4 |       0 |      63 |   0.0 |       0 |      11 |   0.0 |   796
               +---------+---------+-------+---------+---------+-------+---------
